 Dungeon Crawl Stone Soup version 0.31-a0-986-g5e6e4ef867 (webtiles) character file.

Game seed: 18035347340518010259

451 jlumianski the Ruffian (level 7, -1/42 HPs)
             Began as a Gnoll Shapeshifter on Nov 4, 2023.
             Slain by a killer bee (7 damage)
             ... on level 5 of the Dungeon on Nov 5, 2023.
             The game lasted 00:17:31 (4730 turns).

jlumianski the Ruffian (Gnoll Shapeshifter)         Turns: 4730, Time: 00:17:31

Health: -1/42      AC:  6    Str: 20    XL:     7   Next: 4%
Magic:  10/10      EV: 11    Int: 10    God:
Gold:   187        SH:  5    Dex: 11    Spells: 10/10 levels left

rFire   . .          .
                       - Unarmed
rCold   . . .        (shield currently unavailable)
rNeg    . . .        m - melded +0 leather armour
rPois   .            (helmet currently unavailable)
rElec   .            x - melded +1 cloak
rCorr   .            (gloves currently unavailable)
SInv    .            (boots currently unavailable)
Will    .....        u - amulet of reflection
Stlth   ++           (no ring)
HPRegen 0.27/turn    (no ring)
MPRegen 0.12/turn

%: reflection
@: lethally poisoned (-1 -> -10), snake-form
A: constrict, reduced hp, large, (fangs 1), strong nose, distributed training
a: Begin Untransformation


You were on level 5 of the Dungeon.
You were an enormous anaconda.
You visited 1 branch of the dungeon, and saw 6 of its levels.

You collected 187 gold pieces.

Inventory:

Hand Weapons
 h - a +0 sling
 p - a +1 dagger of draining
 w - a +3 quarterstaff of chaos
 C - the +1 war axe of Peril {pain, rElec rN++ Int-3 Stlth+}
   (You found it on level 4 of the Dungeon)

   Int-3:     It affects your intelligence (-3).
   rElec:     It insulates you from electricity.
   rN++:      It greatly protects you from negative energy.
   Stlth+:    It makes you more stealthy.
Missiles
 e - 29 stones
 z - 5 boomerangs
 A - 14 poisoned darts (quivered)
Armour
 a - a +0 animal skin
 m - a +0 leather armour (melded)
 t - a +0 kite shield
 x - a +1 cloak (melded)
Jewellery
 u - an amulet of reflection (around neck)
 E - the ring of Pogapac {rN+ Slay+3}
   (You took it off a goblin on level 4 of the Dungeon)

   [ring of positive energy]

   Slay+3:    It affects your accuracy & damage with ranged weapons and melee
   (+3).
   rN+:       It protects you from negative energy.
Talismans
 c - a beast talisman
 d - a flux talisman
 F - a serpent talisman (active)
Wands
 r - a wand of flame (10)
Scrolls
 f - a scroll of revelation
 i - a scroll of butterflies {unknown}
 j - a scroll of enchant armour
 k - a scroll of teleportation
 l - 2 scrolls of enchant weapon
 q - a scroll of silence {unknown}
 s - a scroll of blinking {unknown}
 v - a scroll of immolation {unknown}
 y - 2 scrolls of noise {unknown}
 B - a scroll of fog {unknown}
Potions
 b - a potion of lignification
 g - a potion of brilliance
 o - a potion of haste
 D - a potion of resistance {unknown}


   Skills:
 + Level 3.4 Fighting
 + Level 2.2 Short Blades
 + Level 2.2 Long Blades
 + Level 2.2 Axes
 + Level 2.2 Maces & Flails
 + Level 2.2 Polearms
 + Level 2.2 Staves
 + Level 2.2 Ranged Weapons
 + Level 2.2 Throwing
 + Level 2.2 Armour
 + Level 5.1 Dodging
 + Level 2.2 Stealth
 + Level 2.2 Shields
 + Level 6.9 Unarmed Combat
 + Level 2.2 Spellcasting
 + Level 1.8 Conjurations
 + Level 1.8 Hexes
 + Level 1.8 Summonings
 + Level 1.8 Necromancy
 + Level 1.8 Translocations
 + Level 1.8 Transmutations
 + Level 1.8 Fire Magic
 + Level 1.8 Ice Magic
 + Level 1.8 Air Magic
 + Level 1.8 Earth Magic
 + Level 1.8 Poison Magic
 + Level 2.5 Invocations
 + Level 2.2 Evocations
 + Level 6.8 Shapeshifting


You had 10 spell levels left.
You didn't know any spells.
Your spell library contained the following spells:

 Spells                   Type           Power      Damage    Failure   Level
 Apportation              Tloc           8%         N/A       14%         1
 Necrotise                Necr           16%        1d4       14%         1
 Sandblast                Erth           8%         2d5       14%         1
 Sting                    Tmut/Pois      16%        1d3       14%         1
 Summon Small Mammal      Summ           16%        N/A       14%         1
 Ensorcelled Hibernation  Hex/Ice        8%         N/A       22%         2
 Passwall                 Tmut/Erth      3%         N/A       22%         2
 Poisonous Vapours        Pois/Air       8%         N/A       22%         2
 Stone Arrow              Conj/Erth      8%         3d7       38%         3
 Swiftness                Air            4%         N/A       38%         3
 Brom's Barrelling Bould  Conj/Erth      4%         2d3       80%         4
 Olgreb's Toxic Radiance  Pois           4%         N/A       80%         4


Dungeon Overview and Level Annotations

Branches:
Dungeon (6/15)
 Temple: D:4-7

Altars:


Innate Abilities, Weirdness & Mutations

You are an enormous anaconda.
You have a powerful constriction melee attack.
Your maximum health is decreased, since you lack skill for your form.
Your armour is entirely melded.
You are incapable of wielding weapons or throwing items.
((You have very sharp teeth.))
Your uncanny sense of smell can sniff out nearby items.
Your experience applies equally to all skills.


Message History

The killer bee attacks as it pursues you!
The killer bee barely misses you.
The killer bee attacks as it pursues you!
The killer bee barely misses you.
The killer bee stings you but does no damage.
The killer bee buzzes angrily. x2
The killer bee stings you!
You hear an angry buzzing noise.
The killer bee attacks as it pursues you!
The killer bee stings you but does no damage.
The killer bee stings you but does no damage.
The killer bee closely misses you. The killer bee stings you.
You are poisoned.
The killer bee poisons you!
You feel very sick.
The killer bee attacks as it pursues you!
You block the killer bee's attack. The killer bee stings you!
There is a stone staircase leading up, spattered with blood here.
You feel sick.
The killer bee stings you but does no damage.
The killer bee barely misses you. x2; The killer bee stings you.
You climb upwards.
You feel sick.
There is a stone staircase leading down here.
You barely miss the killer bee. Your grab misses the killer bee.
You feel sick. The killer bee stings you.
* * * LOW HITPOINT WARNING * * *
The killer bee barely misses you.
You miss the killer bee. Your grab misses the killer bee.
You feel sick. The killer bee stings you.
* * * LOW HITPOINT WARNING * * *
You are lethally poisoned!
The killer bee poisons you! The killer bee closely misses you.
The killer bee stings you but does no damage.
The killer bee misses you.
You feel better. The killer bee stings you.
* * * LOW HITPOINT WARNING * * *
You are lethally poisoned!
The killer bee poisons you! The killer bee stings you!
You die...

.... #...## #######
.##.......#....#
..........#....#
.........+....#
#......##....#
#......##....#
#########............#
##......##............#
#............yS.......#
#.......##.....y##<...#
#.......##......##....#
#...............#.....#
#...............#.....# .
#...............#.....#
..##....####.###'###....#
..##....#######...##....#
.............#....##...##


You could see 2 killer bees.

Vanquished Creatures
  A phantom (D:2)
  A howler monkey (D:4)
  2 hounds (D:4)
  Crazy Yiuf (D:2)
  Jessica (D:3)
  An orc wizard (D:3)
  4 gnolls (D:4)
  7 adders
  A worm (D:3)
  3 dart slugs
  6 orcs (D:3)
  5 endoplasms
  3 giant cockroaches
  9 goblins
  4 hobgoblins
  7 jackals
  7 kobolds
  3 quokkas
  9 ball pythons
  6 bats
  4 frilled lizards
  9 rats
94 creatures vanquished.

Notes
Turn   | Place    | Note
-------+----------+-------------------------------------------
     0 | D:1      | jlumianski the Gnoll Shapeshifter began the quest for the
                  | Orb.
     0 | D:1      | Reached XP level 1. HP: 17/17 MP: 1/1
   113 | D:1      | Reached XP level 2. HP: 23/23 MP: 2/2
   321 | D:1      | Reached XP level 3. HP: 26/28 MP: 3/3
   502 | D:2      | Reached skill level 1 in Invocations
  1206 | D:2      | Reached skill level 1 in Short Blades
  1206 | D:2      | Reached skill level 1 in Long Blades
  1206 | D:2      | Reached skill level 1 in Axes
  1206 | D:2      | Reached skill level 1 in Maces & Flails
  1206 | D:2      | Reached skill level 1 in Polearms
  1206 | D:2      | Reached skill level 1 in Staves
  1206 | D:2      | Reached skill level 1 in Ranged Weapons
  1206 | D:2      | Reached skill level 1 in Throwing
  1206 | D:2      | Reached skill level 1 in Armour
  1206 | D:2      | Reached skill level 1 in Stealth
  1206 | D:2      | Reached skill level 1 in Shields
  1206 | D:2      | Reached skill level 1 in Spellcasting
  1206 | D:2      | Reached skill level 1 in Evocations
  1240 | D:2      | Reached XP level 4. HP: 34/34 MP: 5/5
  1275 | D:2      | Noticed a phantom
  1288 | D:2      | Killed a phantom
  1289 | D:2      | Reached skill level 1 in Conjurations
  1289 | D:2      | Reached skill level 1 in Hexes
  1289 | D:2      | Reached skill level 1 in Summonings
  1289 | D:2      | Reached skill level 1 in Necromancy
  1289 | D:2      | Reached skill level 1 in Translocations
  1289 | D:2      | Reached skill level 1 in Transmutations
  1289 | D:2      | Reached skill level 1 in Fire Magic
  1289 | D:2      | Reached skill level 1 in Ice Magic
  1289 | D:2      | Reached skill level 1 in Air Magic
  1289 | D:2      | Reached skill level 1 in Earth Magic
  1289 | D:2      | Reached skill level 1 in Poison Magic
  1289 | D:2      | Reached XP level 5. HP: 27/40 MP: 5/7
  1882 | D:2      | Found a runed translucent door.
  1883 | D:2      | Noticed Crazy Yiuf
  1894 | D:2      | Killed Crazy Yiuf
  2512 | D:3      | Reached XP level 6. HP: 45/47 MP: 8/8
  2611 | D:3      | Noticed Jessica
  2616 | D:3      | Killed Jessica
  2976 | D:5      | Entered Level 5 of the Dungeon
  2986 | D:5      | Reached skill level 5 in Dodging
  3190 | D:4      | Identified the +1 war axe of Peril {pain, rElec rN++ Int-3
                  | Stlth+}
  3655 | D:4      | Identified the ring of Pogapac {rN+ Slay+3}
  4527 | D:4      | Reached XP level 7. HP: 26/52 MP: 10/10
  4730 | D:5      | Slain by a killer bee

Illustrated notes

Levels and vault maps discovered:
D:1:      dpeg_arrival_radiant, layout_loops_ring
D:2:      layout_basic, uniq_crazy_yiuf_cottage
D:3:      layout_loops_corners, uniq_jessica
D:4:      layout_layer_cave, palyth_stone_intersect
D:5:      layout_gridville, lemuel_crystal_altar, minmay_misc_feat_five
D:6:      layout_loops_cross, nicolae_tso_besieged_by_evil,
          hangedman_decor_opposing, minmay_shop_mass

Skill      XL: |  1  2  3  4  5  6 |
---------------+-------------------+-----
Invocations    | 1 2 |  2.5
Short Blades   | 1 2 |  2.2
Long Blades    | 1 2 |  2.2
Axes           | 1 2 |  2.2
Maces & Flails | 1 2 |  2.2
Polearms       | 1 2 |  2.2
Staves         | 1 2 |  2.2
Ranged Weapons | 1 2 |  2.2
Throwing       | 1 2 |  2.2
Armour         | 1 2 |  2.2
Stealth        | 1 2 |  2.2
Shields        | 1 2 |  2.2
Spellcasting   | 1 2 |  2.2
Evocations     | 1 2 |  2.2
Conjurations   | 1 |  1.8
Hexes          | 1 |  1.8
Summonings     | 1 |  1.8
Necromancy     | 1 |  1.8
Translocations | 1 |  1.8
Transmutations | 1 |  1.8
Fire Magic     | 1 |  1.8
Ice Magic      | 1 |  1.8
Air Magic      | 1 |  1.8
Earth Magic    | 1 |  1.8
Poison Magic   | 1 |  1.8
Fighting       | 3 |  3.4
Dodging        | 5 |  5.1
Unarmed Combat | |  6.9
Shapeshifting  | |  6.8

Action                     |  1- 3 |  4- 6 |  7- 9 || total
---------------------------+-------+-------+-------++-------
  Melee: Unarmed           |    68 |   121 |     3 ||   192
         Bite              |     5 |    12 |       ||    17
         Punch             |       |     1 |       ||     1
   Fire: Sling             |     5 |       |       ||     5
  Throw: Stone             |     1 |     1 |       ||     2
         Dart              |       |     1 |       ||     1
    Use: Scroll            |     5 |       |     2 ||     7
         Potion            |       |       |     1 ||     1
   Stab: Sleeping          |     1 |     1 |       ||     2
 Armour: Animal skin       |    30 |       |       ||    30
         Leather armour    |     3 |    37 |       ||    40
         Skin              |       |       |    13 ||    13
  Dodge: Dodged            |    47 |    50 |     8 ||   105
  Block: Other             |       |    23 |     1 ||    24
         Reflection        |       |     2 |       ||     2
   Form: Beast             |       |     1 |       ||     1
         Flux              |       |     1 |       ||     1
         Anaconda          |       |       |     1 ||     1

Table legend: (Time is in decaauts)
 A = Elapsed time spent in this place.
 B = Non-inter-level travel time spent in this place.
 C = Inter-level travel time spent in this place.
 D = Time resting spent in this place.
 E = Time spent auto-exploring this place.
 F = Levels seen in this place.
 G = Mean time per level.
                   A        B        C        D        E       F      G
               +--------+--------+--------+--------+--------+-----+--------+
         Total |   4716 |   4516 |    200 |    126 |   2619 |   6 |  786.0 |
       Dungeon |   4716 |   4516 |    200 |    126 |   2619 |   6 |  786.0 |
               +--------+--------+--------+--------+--------+-----+--------+

Top non-repeatable levels by time:
     D:4: 1456 daAuts
     D:3: 955 daAuts
     D:2: 955 daAuts
     D:1: 919 daAuts
     D:5: 397 daAuts
     D:6: 31 daAuts
